 Dungeon Sprint DCSS version 0.30.1-4-g462c640d31 (webtiles) character file.

Game seed: 1961739701409671314

26 Heoruswealwe the Covert (level 2, -17/14 HPs)
             Began as a Spriggan Artificer on Sept 4, 2023.
             Demolished by an ogre
             ... wielding a +0 giant club
              (31 damage)
             ... in the Dungeon (Sprint I: "Red Sonja").
             The game lasted 00:01:33 (38 turns).

Heoruswealwe the Covert (Spriggan Artificer)          Turns: 38, Time: 00:01:33

Health: -17/14     AC:  2    Str:  8    XL:     2   Next: 89%
Magic:  3/3        EV: 17    Int: 12    God:
Gold:   54         SH:  0    Dex: 15    Spells: 1/1 levels left

rFire   . . .        a - +0 dagger
rCold   . . .        (no shield)
rNeg    . . .        c - +0 robe
rPois   .            (helmet restricted)
rElec   .            (no cloak)
rCorr   .            (gloves unavailable)
SInv    +            (boots unavailable)
Will    .....        (no amulet)
Stlth   ++++         (no ring)
HPRegen 0.22/turn    (no ring)
MPRegen 0.08/turn

%: no teleportation
@: very quick
A: very small, no large weapons, unfitting armour, see invisible, speed 3
a: no special abilities


You were in the Dungeon.
You visited 1 branch You collected 54 gold pieces.

Inventory:

Hand Weapons
 a - a +0 dagger (weapon)
Armour
 c - a +0 robe (worn)
Wands
 b - a wand of flame (15) (quivered)
 d - a wand of charming (15)
 e - a wand of iceblast (3)
 l - a wand of digging (6)
Scrolls
 k - a scroll of blinking
Potions
 f - a potion of curing
 g - a potion of heal wounds
 h - a potion of haste
 m - a potion of lignification {unknown}


   Skills:
 - Level 0.7 Fighting
 - Level 3.2 Dodging
 + Level 9.3 Stealth
 - Level 4.0 Evocations


You had one spell level left.
You didn't know any spells.
Your spell library was empty.

Dungeon Overview and Level Annotations

Branches:
Dungeon (1/1)

Altars:


Innate Abilities, Weirdness & Mutations

You are very small and have problems with some larger weapons.
You are too small for most types of armour.
You have supernaturally acute eyesight. (SInv)
You cover ground extremely quickly. (Speed+++)


Message History

Your Stealth skill gained 8 levels and is now at level 9!
You have reached level 2!
l - a wand of digging (7);
m - a pink potion
There is an open door here.
Things that are here:
a +0 dagger; a +0 leather armour; the goblin corpse of Ijyb
n - a +0 dagger You drop 2 potions of magic.
You drop a potion of berserk rage.
You are now empty-handed.
You drop a +0 club.
Adjust (i)tems, (s)pells, or (a)bilities?
n - a +0 dagger Adjust to which letter? (? for menu, Esc to quit)
a - a +0 dagger
a - a +0 dagger (weapon)
Adjust (i)tems, (s)pells, or (a)bilities?
b - a +0 robe (worn)
Adjust to which letter? (? for menu, Esc to quit)
c - a +0 robe (worn);
b - a wand of flame (15) (quivered)
There is an open door here.
Items here: !! ) [ †.
Aiming: Dig
Press: ? - help, Shift-Dir - straight line The rock shatters into small pieces.
Found 54 gold pieces.
There is a fountain of clear blue water here.
You now have 27 gold pieces.
You now have 54 gold pieces (gained 27).
There is a fountain of clear blue water here.
There is an open door here.
Items here: !! ) [ †.
You open the door.
An ogre comes into view. It is wielding a +0 giant club.
There is an open door here.
The helpless ogre fails to defend itself.
You impale the ogre!!
The ogre is almost dead.
The ogre hits you with a +0 giant club!!
Ouch! That really hurt!
You die...

##########
#<.#..'@.#
#..)..#.O+
#..#####+#
#..# #..#
#..# #⌠⌠#
##.# #..#


You could see an ogre.

Vanquished Creatures
  Ijyb (D)
1 creature vanquished.

Notes
Turn   | Place    | Note
-------+----------+-------------------------------------------
     0 | D        | Heoruswealwe the Spriggan Artificer began the quest for the
                  | Orb.
     0 | D        | Reached XP level 1. HP: 9/9 MP: 2/2
     1 | D        | Noticed Ijyb
     4 | D        | Killed Ijyb
     5 | D        | Reached skill level 9 in Stealth
     5 | D        | Reached XP level 2. HP: 14/14 MP: 3/3
    35 | D        | Noticed an ogre
    38 | D        | Demolished by an ogre

Illustrated notes

Levels and vault maps discovered:
D:        dungeon_sprint_1 [red_sonja_temple_1, red_sonja_temple_small_1]

Skill      XL: |  1 |
---------------+----+-----
Stealth        | 9 |  9.3
Fighting       | |  0.7
Dodging        | |  3.2
Evocations     | |  4.0

Action                     || total
---------------------------++-------
  Melee: Dagger            ||     1
  Evoke: Wand              ||     3
   Stab: Sleeping          ||     1
